 Dungeon Crawl Stone Soup version 0.25-a0-356-g7c9d860b3b (webtiles) character file.

Game seed: 5578236841370159043, levelgen mode: deterministic

28 Inarius the Charlatan (level 2, 0/21 HPs)
             Began as a Demonspawn Artificer on Jan 3, 2020.
             Succumbed to an adder's poison
             ... on level 2 of the Dungeon.
             The game lasted 00:01:02 (1415 turns).

Inarius the Charlatan (Demonspawn Artificer)        Turns: 1415, Time: 00:01:03

Health: 0/21       AC:  3    Str: 12    XL:     2   Next: 96%
Magic:  4/4        EV: 12    Int: 12    God:
Gold:   84         SH:  0    Dex: 13    Spells: 1/1 levels left

rFire    . . .     SeeInvis .   a - +0 short sword
rCold    . . .     Gourm    .   (no shield)
rNeg     . . .     Faith    .   b - +0 leather armour
rPois    .         Spirit   .   (no helmet)
rElec    .         Reflect  .   (no cloak)
rCorr    .         Harm     .   (no gloves)
MR       .....                  (no boots)
Stlth    +.........             (no amulet)
HPRegen  0.07/turn              (no ring)
MPRegen  0.09/turn              (no ring)

@: lethally poisoned (0 -> -5)
A: powered by death 1
a: no special abilities


You were on level 2 of the Dungeon.
You were not hungry.

You visited 1 branch of the dungeon, and saw 2 of its levels.

You collected 84 gold pieces.

Inventory:

Hand Weapons
 a - a +0 short sword (weapon)
Missiles
 k - 6 silver boomerangs (quivered)
Armour
 b - a +0 leather armour (worn)
 g - a +0 large shield
Wands
 c - a wand of flame (15)
 d - a wand of enslavement (15)
 e - a wand of random effects (15)
Scrolls
 h - 2 scrolls of teleportation {unknown}
 o - a scroll of remove curse {unknown}
Potions
 i - a potion of ambrosia {unknown}
 j - a potion of might {unknown}
 l - a potion of curing {unknown}
 m - a potion of cancellation {unknown}
 n - a potion of degeneration {unknown}
Comestibles
 f - 4 rations


   Skills:
 + Level 1.2 Fighting
 - Level 1.0 Short Blades
 + Level 0.4 Armour
 + Level 2.0 Dodging
 - Level 0.8 Stealth
 + Level 0.6 Shields
 + Level 3.6 Evocations


You had one spell level left.
You didn't know any spells.
Your spell library was empty.

Dungeon Overview and Level Annotations

Branches:
Dungeon (2/15)

Altars:
Wu Jian


Innate Abilities, Weirdness & Mutations

You regenerate a little health from kills.


Message History

You barely miss the adder.
The adder is heavily wounded.
You feel sick. The adder bites you.
You are more poisoned.
The adder poisons you! The adder bites you but does no damage.
You barely miss the adder.
The adder is heavily wounded.
The adder closely misses you.
You hit the adder.
The adder is almost dead.
You feel sick. The adder closely misses you.
You miss the adder.
The adder is almost dead.
The adder bites you.
* * * LOW HITPOINT WARNING * * *
The adder bites you.
* * * LOW HITPOINT WARNING * * *
You miss the adder.
The adder is almost dead.
You die...

## #############.# ..
#.............# ..#
#.#####.#####.
...#######.#####...###.#
...............>.......#
###.###..รท.###..@###.#.#
#.# #..#.# #..S....#
###'###..#.# #...###.#
###_'....#.# #...#
###'###..#.. ..... #.#
#.##.......#
###.###.######...#
........# #...# .#.#...##


You could see an adder.

Vanquished Creatures
  A worm (D:2)
  3 dart slugs (D:1)
  4 bats
  3 goblins (D:1)
  A hobgoblin (D:1)
  2 kobolds (D:1)
  3 frilled lizards (D:1)
  A rat (D:1)
18 creatures vanquished.

Notes
Turn   | Place    | Note
-------+----------+-------------------------------------------
     0 | D:1      | Inarius the Demonspawn Artificer began the quest for the
                  | Orb.
     0 | D:1      | Reached XP level 1. HP: 15/15 MP: 3/3
   528 | D:1      | Gained mutation: You regenerate a little health from kills.
                  | [demonic ancestry]
   528 | D:1      | Reached XP level 2. HP: 6/21 MP: 4/4
   886 | D:1      | Reached skill level 1 in Short Blades
  1266 | D:2      | Found an ornate altar of the Wu Jian Council.
  1414 | D:2      | HP: 1/21 [adder (3)]
  1415 | D:2      | Succumbed to an adder's poison

Levels and vault maps discovered:
D:1:      dpeg_arrival_line_fractal, layout_basic, minivault_25
D:2:      layout_basic, lemuel_doored_altar, lemuel_round_altar,
          kennysheep_okawaru_gauntlet, uniq_robin

Skill      XL: |  1  2 |
---------------+-------+-----
Short Blades   | 1 |  1.0
Dodging        | 2 |  2.0
Fighting       | |  1.2
Armour         | |  0.4
Stealth        | |  0.8
Shields        | |  0.6
Evocations     | |  3.6

Action                   || total
-------------------------++-------
Melee: Short sword       ||    95
 Stab: Sleeping          ||     2
  Eat: Chunk             ||     2
Armor: Leather armour    ||    17
Dodge: Dodged            ||    41
Block: Large shield      ||    19

Table legend:
 A = Non-vault XP
 B = Vault XP
 C = Vault XP percentage of total XP
 D = Non-vault monster count
 E = Vault monster count
 F = Vault count percentage of total count
                 A         B        C        D         E       F
            +---------+---------+-------+---------+---------+-------
      Total |      40 |       0 |   0.0 |      18 |       0 |   0.0
            +---------+---------+-------+---------+---------+-------
        D:1 |      34 |       0 |   0.0 |      16 |       0 |   0.0
        D:2 |       6 |       0 |   0.0 |       2 |       0 |   0.0
            +---------+---------+-------+---------+---------+-------
